 Dungeon Crawl Stone Soup version 0.27.1-34-g3ba077fa99 (webtiles) character file.

Game seed: 3902428718886418973

58 LLlMATKO the Skirmisher (level 3, -1/33 HPs)
             Began as a Minotaur Berserker on Jan 19, 2022.
             Was a Follower of Trog.
             Succumbed to an adder's poison
             ... on level 2 of the Dungeon.
             The game lasted 00:00:43 (1055 turns).

LLlMATKO the Skirmisher (Minotaur Berserker)        Turns: 1055, Time: 00:00:43

Health: -1/33      AC:  5    Str: 21    XL:     3   Next: 76%
Magic:  2/2        EV: 11    Int:  4    God:    Trog [*.....]
Gold:   48         SH:  0    Dex: 10    Spells: 2/2 levels left

rFire    . . .     SeeInvis .   a - +0 hand axe
rCold    . . .     Faith    .   (no shield)
rNeg     . . .     Spirit   .   k - +0 ring mail
rPois    .         Reflect  .   (helmet restricted)
rElec    .         Harm     .   (no cloak)
rCorr    .         Rampage  .   (no gloves)
Will     .....                  (no boots)
Stlth    ..........             (no amulet)
HPRegen  0.11/turn              (no ring)
MPRegen  0.08/turn              (no ring)

@: lethally poisoned (-1 -> -5), on berserk cooldown, slowed, very slow
A: horns 2, retaliatory headbutt
a: Renounce Religion, Berserk


You were on level 2 of the Dungeon.
You worshipped Trog.
Trog was aware of your devotion.
You visited 1 branch of the dungeon, and saw 2 of its levels.

You collected 48 gold pieces.

Inventory:

Hand Weapons
 a - a +0 hand axe (weapon)
Armour
 k - a +0 ring mail (worn)
Scrolls
 c - a scroll of immolation {unknown}
 d - a scroll of fog {unknown}
 f - a scroll of enchant weapon {unknown}
 g - a scroll of noise {unknown}
 i - a scroll of identify {unknown}
 j - a scroll of enchant armour {unknown}
Potions
 e - a potion of invisibility {unknown}
 h - a potion of flight {unknown}


   Skills:
 + Level 4.2 Fighting
 + Level 4.2 Axes
 + Level 3.2 Armour
 + Level 3.0 Dodging


You had 2 spell levels left.
You didn't know any spells.
Your spell library was empty.

Dungeon Overview and Level Annotations

Branches:
Dungeon (2/15)

Altars:


Innate Abilities, Weirdness & Mutations

You have a pair of horns on your head.
You reflexively headbutt those who attack you in melee.


Message History

The adder is lightly wounded.
The adder closely misses you. The adder barely misses you.
You miss the adder. Your headbutt misses the adder.
The adder is lightly wounded.
The adder barely misses you. The adder bites you.
You closely miss the adder.
The adder is lightly wounded.
The adder bites you but does no damage. The adder bites you.
You are too injured to fight recklessly!
You are too injured to fight recklessly!
You are too injured to fight recklessly!
You are too injured to fight recklessly!
You are too injured to fight recklessly!
You are too injured to fight recklessly!
You are too injured to fight recklessly!
You are too injured to fight recklessly!
You are too injured to fight recklessly!
An adder is nearby!
You barely miss the adder. The adder bites you. x2
You are poisoned.
The adder poisons you! The adder bites you.
You are lethally poisoned!
The adder poisons you!
You closely miss the adder.
* * * LOW HITPOINT WARNING * * *
You feel very sick. The adder barely misses you. You furiously retaliate!
You headbutt the adder! The adder closely misses you.
You closely miss the adder. Your headbutt misses the adder.
The adder is severely wounded.
* * * LOW HITPOINT WARNING * * *
You feel very sick. The adder completely misses you.
The adder closely misses you.
You slash the adder!
You kill the adder!
Trog accepts your kill.
* * * LOW HITPOINT WARNING * * *
You feel sick.
Your Dodging skill increases to level 3!
You die...

#+# #.# #.#
##.#########.#########
#....@†..)#)..#.......
#..#####.)......####
#. #..#...#.......
###..##?##.......
.................
###..##<##.......
#..##.# .......
#..##.# .......
...##.# #######


There were no monsters in sight!

Vanquished Creatures
  3 gnolls (D:2)
  An adder (D:2)
  2 bats (D:1)
  3 endoplasms (D:1)
  A kobold (D:1)
  A quokka (D:1)
  4 ball pythons (D:1)
  2 goblins (D:1)
  4 rats
21 creatures vanquished.

Notes
Turn   | Place    | Note
-------+----------+-------------------------------------------
     0 | D:1      | LLlMATKO the Minotaur Berserker began the quest for the
                  | Orb.
     0 | D:1      | Reached XP level 1. HP: 19/19 MP: 0/0
    94 | D:1      | Found a faded altar of an unknown god.
   429 | D:1      | Reached XP level 2. HP: 26/27 MP: 1/1
  1025 | D:2      | Reached XP level 3. HP: 29/33 MP: 2/2
  1054 | D:2      | HP: 1/33 [poisoned by an adder]
  1055 | D:2      | Succumbed to an adder's poison

Illustrated notes

Levels and vault maps discovered:
D:1:      eino_arrival_water_cross, layout_loops_cross, basic_ecumenical_altar
D:2:      layout_loops_corners

Skill      XL: |  1  2  3 |
---------------+----------+-----
Fighting       | 4 |  4.2
Axes           | 4 |  4.2
Armour         | 3 |  3.2
Dodging        | 3 |  3.0

Action                   || total
-------------------------++-------
Melee: Hand axe          ||    47
       Headbutt          ||     6
Invok: Berserk           ||     1
Armor: Animal skin       ||     7
       Ring mail         ||     2
Dodge: Dodged            ||    45
